 Dungeon Crawl Stone Soup version 0.32-a0-699-g1ee5eff69a (webtiles) character file.

Game seed: 4226214229514598138

735 IdlyInterested the Trooper (level 7, -4/59 HPs)
             Began as a Demonspawn Gladiator on Mar 13, 2024.
             Killed from afar by Maggie (22 damage)
             ... with a bolt of fire
             ... on level 6 of the Dungeon.
             The game lasted 00:12:10 (4483 turns).

IdlyInterested the Trooper (Demonspawn Gladiator)   Turns: 4483, Time: 00:12:11

Health: -4/59      AC:  8    Str: 14    XL:     7   Next: 45%
Magic:  7/7        EV: 11    Int:  9    God:
Gold:   432        SH:  0    Dex: 22    Spells: 6/6 levels left

rFire   . . .        a - +0 long sword
rCold   . . .        (no shield)
rNeg    . . .        h - +0 ring mail
rPois   .            o - +1 hat
rElec   .            (no cloak)
rCorr   .            (no gloves)
SInv    .            l - +0 pair of boots
Will    +....        (no amulet)
Stlth   +            j - ring of willpower
HPRegen 0.29/turn    K - +6 ring of dexterity
MPRegen 0.10/turn

%: no passive effects
@: mesmerised
A: rugged brown scales 1, powered by death 1, demonic touch 2
a: no special abilities


You were on level 6 of the Dungeon.
You visited 2 branches of the dungeon, and saw 7 of its levels.

You collected 432 gold pieces.

Inventory:

Hand Weapons
 a - a +0 long sword (weapon)
 g - a +2 dagger of draining
 n - a +1 vampiric whip
 q - a +0 spear
 u - a +0 dagger of venom
 x - a +0 hand axe
 F - a +2 dagger of distortion
 G - a +2 short sword of draining
 H - a +1 dagger of freezing
 N - a +0 rapier
Missiles
 d - 3 throwing nets
 e - a javelin
 i - 33 stones
 m - 13 poisoned darts (quivered)
 y - 4 curare-tipped darts
 J - a boomerang
Armour
 b - a +0 leather armour
 c - a +0 helmet
 h - a +0 ring mail (worn)
 l - a +0 pair of boots (worn)
 o - a +1 hat (worn)
 t - a +0 pair of boots
 A - a +0 plate armour
Magical Staves
 B - a staff of earth
Jewellery
 j - a ring of willpower (left hand)
 w - a ring of protection from cold
 K - a +6 ring of dexterity (right hand)
Talismans
 I - a maw talisman
Wands
 E - a wand of charming (3)
Scrolls
 f - a scroll of immolation {unknown}
 p - 4 scrolls of teleportation
 C - 2 scrolls of enchant armour
 D - a scroll of silence
 L - 2 scrolls of identify
Potions
 k - a potion of heal wounds {unknown}
 r - 2 potions of curing
 s - 2 potions of haste {unknown}
 v - 2 potions of resistance
 z - a potion of might {unknown}
 M - a potion of lignification {unknown}
 O - a potion of brilliance {unknown}


   Skills:
 * Level 6.1 Fighting
 + Level 4.4 Long Blades
 - Level 2.0 Throwing
 - Level 1.0 Armour
 - Level 3.0 Dodging
 + Level 0.9 Stealth
 - Level 3.0 Unarmed Combat


You had 6 spell levels left.
You didn't know any spells.
Your spell library contained the following spells:

 Spells                   Type           Power      Damage    Failure   Level
 Lesser Beckoning         Tloc           0%         N/A       77%         2
 Sublimation of Blood     Necr           0%         N/A       77%         2
 Gell's Gravitas          Tloc           0%         N/A       94%         3
 Inner Flame              Hex/Fire       0%         N/A       94%         3
 Teleport Other           Tloc           0%         N/A       94%         3
 Petrify                  Alch/Erth      0%         N/A       100%        4
 Irradiate                Conj/Alch      0%         3d11      100%        5
 Sculpt Simulacrum        Ice/Alch       0%         N/A       100%        6
 Ozocubu's Refrigeration  Ice            0%         4d7       100%        7
 Ignition                 Fire           0%         3d3       100%        8
 Polar Vortex             Ice            0%         N/A       100%        9


Dungeon Overview and Level Annotations

Branches:
Dungeon (6/15)             Temple (1/1) D:5

Altars:
Ashenzari
Cheibriados
Dithmenos
Fedhas
Hepliaklqana
Kikubaaqudgha
Makhleb
Nemelex Xobeh
Qazlal
Ru
Sif Muna
Trog
Uskayaw
Vehumet
Wu Jian
Xom
Yredelemnul

Annotations:
D:6 Maggie


Innate Abilities, Weirdness & Mutations

You are partially covered in rugged brown scales. (AC +1, +3% HP)
You regenerate a little health from kills.
Your touch may inflict irresistible damage on your foes.


Message History

You now have 432 gold pieces (gained 13).
Maggie the Vainglorious comes into view.
She is wielding a +0 halberd.
Maggie shouts!
Maggie mumbles the words to a spell, but in the wrong order.
Maggie barely misses you.
You hit Maggie but do no damage.
Maggie gestures wildly while chanting.
Maggie attempts to bespell you!
You are mesmerised by Maggie!
You slash Maggie!
Maggie is lightly wounded.
Maggie casts a spell at you. The bolt of fire misses you.
You hit Maggie. Your touch misses Maggie.
Maggie is lightly wounded.
Maggie hits you with a +0 halberd!
You hit Maggie but do no damage.
Maggie is lightly wounded.
Maggie hits you with a +0 halberd!
You hit Maggie.
Maggie is moderately wounded.
Maggie gestures wildly while chanting.
Maggie draws you further into her thrall.
Maggie casts a spell.
Maggie draws you further into her thrall.
You hit Maggie.
Maggie is moderately wounded.
Maggie hits you with a +0 halberd.
You slash Maggie!
You touch Maggie!
Maggie is heavily wounded.
Maggie hits you with a +0 halberd!
You barely miss Maggie.
You touch Maggie!
Maggie is severely wounded.
Maggie hits you with a +0 halberd!
* * * LOW HITPOINT WARNING * * *
You slash Maggie!
Maggie is almost dead.
Maggie points at you and mumbles some strange words.
The bolt of fire hits you!!
You die...

#..###.............###
#..####............#
##...####...........#
##.....###...........#
#........##.......
....#####........#..
....# ###.........
...# ##.###.... ..#
#@# .. .. #@# .## #.
##


You could see Maggie (mesmerising).

Vanquished Creatures
  The ghost of AutarchDCSS the Cutter, an amateur CoBr (D:3)
  A centaur (D:5)
  A kobold brigand (D:3)
  6 hounds
  3 gnolls (D:4)
  13 adders
  A shadow imp (D:5)
  A white imp (D:6)
  2 ufetubi (D:6)
  3 dart slugs
  2 ribbon worms
  2 orcs
  4 endoplasms (D:1)
  12 giant cockroaches
  5 goblins
  6 hobgoblins
  11 jackals
  A quokka (D:1)
  15 ball pythons
  3 bats
  3 frilled lizards
  15 kobolds
  4 rats
115 creatures vanquished.

Notes
Turn   | Place    | Note
-------+----------+-------------------------------------------
     0 | D:1      | IdlyInterested the Demonspawn Gladiator began the quest for
                  | the Orb.
     0 | D:1      | Reached XP level 1. HP: 16/16 MP: 1/1
   197 | D:1      | Gained mutation: Your touch may inflict minor irresistible
                  | damage on your foes. [demonic ancestry]
   197 | D:1      | Reached XP level 2. HP: 18/23 MP: 2/2
   570 | D:1      | Gained mutation: Your touch may inflict irresistible damage
                  | on your foes. [demonic ancestry]
   570 | D:1      | Reached XP level 3. HP: 28/28 MP: 3/3
   919 | D:2      | Reached skill level 3 in Fighting
   963 | D:2      | Reached skill level 1 in Unarmed Combat
  1258 | D:2      | Gained mutation: You regenerate a little health from kills.
                  | [demonic ancestry]
  1258 | D:2      | Reached XP level 4. HP: 35/35 MP: 4/4
  1621 | D:3      | You fall into a shaft and drop 1 floor!
  1646 | D:4      | Reached XP level 5. HP: 42/42 MP: 5/5
  1759 | D:4      | Found a sacrificial altar of Ru.
  1859 | D:4      | Reached skill level 4 in Fighting
  2324 | D:3      | Found a runed translucent gate.
  2335 | D:3      | Found a runed translucent gate.
  2335 | D:3      | Found a runed translucent gate.
  2335 | D:3      | Noticed AutarchDCSS's ghost (amateur CoBr)
  2354 | D:3      | Reached XP level 6. HP: 28/47 MP: 6/6
  2362 | D:3      | Killed AutarchDCSS's ghost
  2363 | D:3      | Reached skill level 5 in Fighting
  3107 | D:4      | Found a broken altar of Ashenzari.
  3458 | D:5      | Entered Level 5 of the Dungeon
  3506 | D:5      | Gained mutation: You are partially covered in rugged brown
                  | scales. (AC +1, +3% HP) [demonic ancestry]
  3506 | D:5      | Reached XP level 7. HP: 41/53 MP: 7/7
  3673 | D:5      | Found a staircase to the Ecumenical Temple.
  3682 | Temple   | Entered the Ecumenical Temple
  3712 | D:5      | Reached skill level 1 in Armour
  3841 | D:5      | Found a hide-covered altar of Uskayaw.
  3865 | D:5      | Reached skill level 6 in Fighting
  4472 | D:6      | Noticed Maggie
  4483 | D:6      | Killed from afar by Maggie

Illustrated notes

Levels and vault maps discovered:
D:1:      dpeg_arrival_connections, layout_basic
D:2:      layout_loops_ring, minmay_snake_closets
D:3:      minmay_roachtagon, layout_loops_ring, gammafunk_ghost_nasty_kobolds,
          glass_columns_c
D:4:      layout_basic, nicolae_ru_the_path_less_chosen,
          ashenzari_conservatory_becter
D:5:      layout_loops_ring, mainiacjoe_overflow_brackets, temple_hall
D:6:      layout_layer_cave, uniq_duvessa, uniq_maggie, uniq_grinder
Temple:   nicolae_temple_bog_church

Skill      XL: |  1  2  3  4  5  6  7 |
---------------+----------------------+-----
Dodging        | 3 |  3.0
Long Blades    | 3 4 |  4.4
Fighting       | 3 4 5 6 |  6.1
Unarmed Combat | 1 2 3 |  3.0
Throwing       | 2 |  2.0
Armour         | 1 |  1.0
Stealth        | |  0.9

Action                     |  1- 3 |  4- 6 |  7- 9 || total
---------------------------+-------+-------+-------++-------
  Melee: Long sword        |    76 |   159 |    43 ||   278
         Touch             |     5 |    37 |    12 ||    54
  Throw: Stone             |       |     1 |       ||     1
    Use: Scroll            |       |     5 |     1 ||     6
         Potion            |       |     2 |       ||     2
 Armour: Leather armour    |     4 |       |       ||     4
         Ring mail         |    43 |   122 |    39 ||   204
  Dodge: Dodged            |    42 |    80 |    26 ||   148

Table legend: (Time is in decaauts)
 A = Elapsed time spent in this place.
 B = Non-inter-level travel time spent in this place.
 C = Inter-level travel time spent in this place.
 D = Time resting spent in this place.
 E = Time spent auto-exploring this place.
 F = Levels seen in this place.
 G = Mean time per level.
                   A        B        C        D        E       F      G
               +--------+--------+--------+--------+--------+-----+--------+
         Total |   4540 |   4184 |    356 |    355 |   2859 |   7 |  648.6 |
       Dungeon |   4538 |   4182 |    356 |    355 |   2859 |   6 |  756.3 |
        Temple |      1 |      1 |      0 |      0 |      0 |   1 |    1.0 |
               +--------+--------+--------+--------+--------+-----+--------+

Top non-repeatable levels by time:
     D:4: 1068 daAuts
     D:1: 844 daAuts
     D:3: 820 daAuts
     D:5: 794 daAuts
     D:2: 774 daAuts
     D:6: 235 daAuts
  Temple: 1 daAuts
